Unix NetHack Version 3.7.0-89 Work-in-progress - last build Sep 7 2023 15:16:41 (8494bff02b67719303c47e298deaa89034127798,branch:master). Game began 2023-09-14 20:31:18, ended 2023-09-15 14:07:39. grux, lawful female human Valkyrie .... ...... ....%G.. ........ ......... ....<... ....... ----- Grux the Fighter St:18/01 Dx:12 Co:17 In:8 Wi:8 Ch:8 Lawful S:13041 Dlvl:11 $:113 HP:0(67) Pw:26(26) AC:-5 Xp:9/3092 T:6833 Burdened Latest messages: You are caught in a bear trap. You are caught in a bear trap. You are caught in a bear trap. You are caught in a bear trap. You are caught in a bear trap. You are caught in a bear trap. You are caught in a bear trap. You are caught in a bear trap. You are caught in a bear trap. You are caught in a bear trap. You are caught in a bear trap. You are caught in a bear trap. You are caught in a bear trap. You are caught in a bear trap. You are caught in a bear trap. You are caught in a bear trap. Your leg feels better. You are caught in a bear trap. You are caught in a bear trap. You are caught in a bear trap. You hear crashing rock. You are caught in a bear trap. You are caught in a bear trap. You are caught in a bear trap. You are caught in a bear trap. You are caught in a bear trap. You are caught in a bear trap. You are caught in a bear trap. You are caught in a bear trap. You finally wriggle free. You hear crashing rock. You hear crashing rock. You fall down the stairs. You hear a nearby zap. The magic missile hits you! What do you want to use or apply? [dgijn-ps-vzBILNYZ or ?*] o Your lamp is now on. You hear a nearby zap. The magic missile hits you! The magic missile bounces! The gnome strikes at thin air! You kill the gnome! You hit the gnome lord! You hear a nearby zap. The death ray hits you! Do you want your possessions identified? [ynq] (y) y Do you want to see your attributes? [ynq] (y) y Do you want an account of creatures vanquished? [ynaq] (y) y Do you want to see your conduct and achievements? [ynq] (y) y Do you want to see the dungeon overview? [ynq] (y) y Inventory: Coins $ - 113 gold pieces Weapons k - 4 +0 daggers a - the blessed rustproof +0 Excalibur (weapon in hand) Armor f - a cursed +0 orcish helm l - an uncursed +0 pair of elven boots r - an uncursed +0 pair of iron shoes (being worn) c - an uncursed very burnt +3 small shield (being worn) q - an uncursed burnt +0 dwarvish cloak (being worn) D - a cursed +0 mummy wrapping G - an uncursed +0 banded mail (being worn) Comestibles C - 4 uncursed food rations U - an uncursed fortune cookie Scrolls J - a cursed scroll of remove curse Rings h - an uncursed ring of slow digestion Wands z - a wand of death (0:2) u - a wand of fire (0:7) t - a wand of magic missile (0:6) L - a wand of make invisible (0:8) g - a wand of opening (0:4) n - a wand of secret door detection (0:12) j - a wand of secret door detection (0:9) Y - a wand of striking (0:5) v - a wand of striking (0:4) i - a wand of teleportation (0:3) Tools I - an empty uncursed bag of holding s - an uncursed oilskin sack containing 15 items B - an uncursed blindfold o - an uncursed oil lamp (lit) p - a +0 pick-axe Z - an uncursed skeleton key d - 2 uncursed partly used tallow candles N - an uncursed tallow candle Gems/Stones e - an uncursed diamond M - an uncursed worthless piece of blue glass E - an uncursed worthless piece of green glass Contents of the oilskin sack: 2 uncursed scrolls of blank paper a cursed scroll of blank paper an uncursed scroll of charging an uncursed scroll of fire an uncursed scroll of gold detection a cursed scroll of gold detection an uncursed scroll of identify an uncursed scroll of light an uncursed scroll of teleportation an uncursed potion of enlightenment 2 uncursed potions of extra healing 3 uncursed potions of healing a cursed potion of monster detection an uncursed potion of oil an uncursed potion of water Grux the Valkyrie's attributes: Background: You were a Fighter, a level 9 human Valkyrie. You were lawful, on a mission for Tyr who was opposed by Odin (neutral) and Loki (chaotic). You were in the Gnomish Mines, on level 11. You entered the dungeon 6833 turns ago. There was a new moon in effect when your adventure ended. You had 3092 experience points, 2028 more were needed to attain level 10. Your score was 13041 before end-of-game adjustments. Basics: You had 0 out of 67 hit points. You had all 26 energy points (spell power). Your armor class was -5. Your wallet contained 113 zorkmids. Autopickup was on for '$' plus thrown. Final Characteristics: Your strength was 18/01 (peak:18/03, limit:18/100). Your dexterity was 12 (peak:14, limit:18). Your constitution was 17 (limit:18). Your intelligence was 8 (limit:18). Your wisdom was 8 (limit:18). Your charisma was 8 (limit:18). Final Status: You were not hungry. You were burdened; movement was slightly slowed. You were wielding a long sword. You were skilled in long sword and could have enhanced that. Final Attributes: You were piously aligned. You were cold resistant. You were poison resistant. You were level-drain resistant. You had automatic searching. You were invisible. You were stealthy. You had a small defense bonus (+4). You were warded. You were fast. You were unlucky. You are dead. Miscellaneous: You never encountered a bones level. Total elapsed playing time was 1 hour, 31 minutes and 49 seconds. Major events: Turn 1: grux the lawful human Valkyrie entered the dungeon 460: entered the Gnomish Mines 605: attained the rank of Skirmisher (level 3) 1254: signified by divine providence, was chosen to carry Excalibur 2445: attained the rank of Fighter (level 6) 4556: reached Mine Town 4690: killed Budereyri, the general store proprietor 4769: killed Izchak, the lighting store proprietor 4826: killed Lechaim, the hardware store proprietor 6833: killed by a death ray Vanquished creatures: 3 shopkeepers 2 large mimics a small mimic an ettin mummy an ettin zombie a chameleon a giant beetle a winter wolf cub a leprechaun a giant spider 3 gnome rulers a dwarf mummy a dingo a dog a housecat a raven 5 apes a mountain nymph 2 ponies 2 yellow lights a shrieker 14 gnome leaders 4 gnomish wizards a gray ooze 3 elf zombies a paper golem 9 giant ants 2 floating eyes 3 dwarves 2 kobold leaders 8 hill orcs 8 rothes a centipede a giant bat a monkey a wererat an iguana 10 killer bees 3 acid blobs 2 hobbits a large kobold 2 hobgoblins 8 giant rats 4 cave spiders a brown mold 2 yellow molds a green mold a red mold 64 gnomes a gnome zombie 2 geckos 12 jackals 3 foxes 3 kobolds 10 grid bugs 2 bats 3 lichens 5 newts 232 creatures vanquished. No species were genocided or became extinct. Voluntary challenges: You read items or engraved 10 times. You never engraved Elbereth. You never genocided any monsters. You never polymorphed an object. You never changed form. You used no wishes. Achievements: You entered the Gnomish Mines. You attained the rank of Skirmisher. You entered a shop. You attained the rank of Fighter. You entered Minetown. You entered a temple. The Dungeons of Doom: levels 1 to 4 Level 1: A fountain. Level 2: Level 3: A general store. Stairs down to The Gnomish Mines. Level 4: The Gnomish Mines: levels 4 to 11 Level 4: Level 5: Level 6: Level 7: Many shops, a temple, some fountains. Level 8: Level 9: Level 10: Level 11: <- You were here. Final resting place for you, killed by a death ray. Game over: ---------- / \ / REST \ / IN \ / PEACE \ / \ | grux | | 113 Au | | killed by a | | death ray | | | | | | 2023 | *| * * * | * _________)/\\_//(\/(/\)/\//\/|_)_______ Farvel grux the Valkyrie... You died in The Gnomish Mines on dungeon level 11 with 13030 points, and 113 pieces of gold, after 6833 moves. You were level 9 with a maximum of 67 hit points when you died.